 Dungeon Crawl Stone Soup version 0.29.1-13-g9f3cf754e1 (webtiles) character file.

Game seed: 10983415910598576838

114 Thatpatchoflichen the Vexing (level 4, -4/45 HPs)
             Began as an Ogre Enchanter on Feb 3, 2023.
             Slain by a gnoll bouda
             ... wielding a +0 club
              (10 damage)
             ... on level 3 of the Dungeon.
             The game lasted 00:07:09 (4635 turns).

Thatpatchoflichen the Vexing (Ogre Enchanter)       Turns: 4635, Time: 00:07:11

Health: -4/45      AC:  3    Str: 12    XL:     4   Next: 98%
Magic:  8/8        EV: 10    Int: 16    God:
Gold:   136        SH:  0    Dex: 11    Spells: 9/9 levels left

rFire   . . .      SeeInvis .   x - +0 flail
rCold   . . .      Faith    .   (no shield)
rNeg    . . .      Spirit   .   b - +0 robe
rPois   .          Reflect  .   (helmet restricted)
rElec   .          Harm     .   (no cloak)
rCorr   .          Rampage  .   (gloves unavailable)
Will    .....                   (boots unavailable)
Stlth   ++........              (no amulet)
HPRegen 0.15/turn               (no ring)
MPRegen 0.11/turn               (no ring)

@: weakened
A: large, unfitting armour, tough skin 1
a: no special abilities


You were on level 3 of the Dungeon.
You visited 1 branch of the dungeon, and saw 4 of its levels.

You collected 136 gold pieces.

Inventory:

Hand Weapons
 a - a +1 dagger
 g - a +4 short sword
 x - a +0 flail (weapon)
Missiles
 i - 3 boomerangs (quivered)
 t - 7 poisoned darts
 w - a throwing net
Armour
 b - a +0 robe (worn)
Magical Staves
 v - a staff of earth
Jewellery
 j - a ring of protection from fire
Scrolls
 d - 7 scrolls of identify {unknown}
 h - a scroll of immolation {unknown}
 l - a scroll of summoning {unknown}
 o - 3 scrolls of enchant weapon {unknown}
 p - 2 scrolls of vulnerability {unknown}
 q - a scroll of teleportation {unknown}
 u - a scroll of amnesia {unknown}
Potions
 c - 2 potions of invisibility
 e - 2 potions of degeneration {unknown}
 f - a potion of attraction {unknown}
 k - a potion of berserk rage {unknown}
 m - 2 potions of mutation {unknown}
 n - a potion of curing {unknown}
 r - 2 potions of magic {unknown}
 s - a potion of flight {unknown}


   Skills:
 + Level 3.0 Fighting
 - Level 0.8 Short Blades
 + Level 0.1 Maces & Flails
 + Level 2.8 Dodging
 + Level 2.6 Stealth
 - Level 3.0 Spellcasting
 - Level 3.0 Hexes


You had 9 spell levels left.
You didn't know any spells.
Your spell library contained the following spells:

 Spells                   Type           Power      Damage    Failure   Level
 Ensorcelled Hibernation  Hex/Ice        14%        N/A       16%         2
 Confusing Touch          Hex            12%        N/A       16%         3
 Tukima's Dance           Hex            12%        N/A       16%         3
 Dazzling Flash           Conj/Hex       14%        N/A       30%         3
 Portal Projectile        Hex/Tloc       14%        N/A       30%         3
 Gell's Gravitas          Tloc           2%         N/A       50%         3
 Spider Form              Tmut/Pois      2%         N/A       50%         3
 Stone Arrow              Conj/Erth      4%         3d7       50%         3
 Teleport Other           Tloc           2%         N/A       50%         3
 Anguish                  Hex/Necr       3%         N/A       69%         4
 Animate Armour           Summ/Erth      4%         N/A       88%         4
 Dispersal                Tloc           1%         N/A       100%        6
 Ozocubu's Refrigeration  Ice            1%         4d7       100%        7
 Lehudib's Crystal Spear  Conj/Erth      1%         10d2      100%        8


Dungeon Overview and Level Annotations

Branches:
Dungeon (4/15)
 Temple: D:4-7

Altars:
Kikubaaqudgha

Annotations:
D:2 Sigmund


Innate Abilities, Weirdness & Mutations

You are too large for most types of armour.
You have tough skin. (AC +1)


Message History

The gnoll is almost dead.
The gnoll closely misses you.
You hit the gnoll.
You kill the gnoll!
Your Fighting skill increases to level 3!
Items here: )) ††.
x - a +0 flail
x - a +0 flail (weapon)
You start resting.
HP restored.
There is a stone staircase leading down, spattered with blood here.
You see here a +0 dagger.
You climb downwards.
The orc hits you from afar with a +0 trident!
There is a stone staircase leading up, spattered with blood here.
The orc hits you with a +0 trident.
You hit the orc.
The orc is almost dead.
The orc hits you with a +0 trident. x2
You barely miss the orc.
The orc is almost dead.
The orc hits you with a +0 trident.
The orc hits you from afar with a +0 trident.
There is a stone staircase leading up, spattered with blood here.
The orc hits you from afar with a +0 trident.
The gnoll bouda gazes fiercely through you!
You feel your attacks grow feeble.
The gnoll bouda hits you with a +0 club!
* * * LOW HITPOINT WARNING * * *
You climb upwards.
There is a stone staircase leading down, spattered with blood here.
You see here a +0 dagger.
You hit the gnoll bouda.
The gnoll bouda is lightly wounded.
The gnoll bouda gazes fiercely through you!
You feel as though you will be weak longer.
The gnoll bouda hits you with a +0 club.
* * * LOW HITPOINT WARNING * * *
The gnoll bouda hits you with a +0 club!
You die...

..###.#.# #..##.#
#..##.#.# #..##'###
......#.# #..#....#
###.....## ##.#....#
...###...# #.#....#
#.#...#..####....###
#.#.###..........## #+#.#
#.#####...)g#
....###.#####...@)#
.(..........#.#)..#
....###.###.#.#...#######
........# #.#.#...).....#
.⌠...~..###.#.#.........#
..~~≈≈≈..##.#.#.........#
#.~~~~≈..##.#.###########
#..~~~≈~.##.#.#
...~.~...##.#.#


You could see a gnoll bouda.

Vanquished Creatures
  An iguana (D:3)
  4 gnolls (D:3)
  2 dart slugs (D:2)
  An orc (D:3)
  8 bats
  2 endoplasms (D:1)
  4 giant cockroaches
  3 goblins
  A hobgoblin (D:1)
  6 kobolds
  2 quokkas
  4 ball pythons
  A frilled lizard (D:1)
  5 rats
44 creatures vanquished.

Notes
Turn   | Place    | Note
-------+----------+-------------------------------------------
     0 | D:1      | Thatpatchoflichen the Ogre Enchanter began the quest for
                  | the Orb.
     0 | D:1      | Reached XP level 1. HP: 16/16 MP: 3/3
   287 | D:1      | Reached XP level 2. HP: 9/26 MP: 5/5
   536 | D:1      | Reached skill level 1 in Fighting
   926 | D:2      | Found a faded altar of an unknown god.
  1057 | D:1      | Got the Folio of Hypothermia and Execration
  1708 | D:2      | Reached XP level 3. HP: 32/33 MP: 7/7
  1719 | D:2      | Noticed Sigmund
  2873 | D:3      | Found an ancient bone altar of Kikubaaqudgha.
  3691 | D:3      | Reached XP level 4. HP: 21/44 MP: 8/8
  4635 | D:3      | Slain by a gnoll bouda

Illustrated notes

Levels and vault maps discovered:
D:1:      heliophobic_arrival_henge, layout_basic,
          chequers_serial_rivers_small_a, minmay_close_crescents
D:2:      layout_loops_corners, nicolae_ecumenical_pavilion, uniq_sigmund
D:3:      layout_basic, kiku_gazebo_pond_becter
D:4:      layout_cave_pools, minmay_temple_entry_mini_moons, grunt_ministairs_1

Skill      XL: |  1  2  3  4 |
---------------+-------------+-----
Fighting       | 1 2 3 |  3.0
Dodging        | 2 |  2.8
Hexes          | 3 |  3.0
Spellcasting   | 3 |  3.0
Short Blades   | |  0.8
Maces & Flails | |  0.1
Stealth        | |  2.6

Action                   |  1- 3 |  4- 6 || total
-------------------------+-------+-------++-------
Melee: Dagger            |    41 |       ||    41
       Short sword       |    74 |    36 ||   110
       Flail             |       |     3 ||     3
 Stab: Sleeping          |     3 |       ||     3
Armor: Robe              |    39 |    12 ||    51
Dodge: Dodged            |    76 |    34 ||   110
